AoeStats
← ogipochi_

Black Forest

506804485Analyzed
4v4 RM · 18d ago on Sep 15, 2026· 49m 27s· 8 players
Game mode
Random Map
Map size
Large (8 player)
Population
200
Speed
Normal
Resources
Standard
Victory
Conquest
Starting age
Dark Age
Ending age
Imperial Age
RankedLock teamsTeams togetherTeam positionsShared explorationLock speedFull tech treeHidden civsTurbo modeCheats
Victory
Defeat
🇨🇳 Turks · China
750
+16
🇯🇵 Khitans · Japan
732
+17
🇨🇳 Mongols · China
704
+18
🇨🇱 Teutons · Chile
689
+18
🇷🇺 Jurchens · Russia
831
-21
🇩🇪 Georgians · Germany
752
-18
🇺🇸 Khmer · United States
746
-17
🇳🇿 Khmer · New Zealand
646
-13
matticus23
0:27 Loom
12:53 Feudal Age
15:47 Double-Bit Axe
22:07 Castle Age
20:45 Stone Mining
20:49 Gold Mining
20:45 Horse Collar
22:40 Wheelbarrow
22:15 Town Watch
24:07 Stone Shaft Mining
24:10 Gold Shaft Mining
23:49 Bow Saw
26:21 Hand Cart
27:29 Fortified Wall
38:43 Imperial Age
37:23 Forging
37:14 Scale Mail Armor
37:07 Fletching
37:18 Padded Archer Armor
38:39 Iron Casting
37:27 Man-at-Arms
37:54 Arson
38:22 Long Swordsman
39:41 Pikeman
DK3175
0:29 Loom
12:21 Feudal Age
19:13 Castle Age
17:26 Double-Bit Axe
18:02 Horse Collar
22:45 Heavy Plow
26:22 Wheelbarrow
28:54 Bloodlines
29:49 Hand Cart
29:48 Forging
29:45 Scale Barding Armor
33:08 Imperial Age
30:57 Bow Saw
31:39 Iron Casting
34:12 Tusk Swords
35:18 Blast Furnace
34:40 Chain Barding Armor
34:46 Elite Ballista Elephant
37:53 Conscription
39:37 Chemistry
41:47 Elite Battle Elephant
Nopec
1:14 Loom
11:52 Feudal Age
16:04 Horse Collar
16:15 Double-Bit Axe
22:29 Castle Age
20:42 Stone Mining
20:45 Gold Mining
21:13 Bloodlines
21:55 Scale Barding Armor
22:01 Forging
24:07 Wheelbarrow
24:16 Bow Saw
24:31 Heavy Plow
25:48 Forging
27:22 Svan Towers
27:15 Fletching
28:16 Town Watch
29:45 Ballistics
29:22 Murder Holes
30:45 Husbandry
31:47 Chain Barding Armor
32:02 Iron Casting
32:49 Hand Cart
36:52 Imperial Age
35:53 Iron Casting
B O M B E R
0:27 Loom
13:14 Feudal Age
20:30 Castle Age
19:33 Double-Bit Axe
19:32 Horse Collar
22:30 Bow Saw
22:31 Gold Mining
23:40 Wheelbarrow
26:45 Gold Shaft Mining
27:50 Heavy Plow
27:44 Stone Mining
29:58 Stone Shaft Mining
30:31 Fortified Bastions
31:15 Caravan
35:28 Imperial Age
33:55 Hand Cart
35:57 Padded Archer Armor
36:00 Fletching
36:23 Forging
38:00 Leather Archer Armor
37:40 Bodkin Arrow
42:25 Conscription
ogipochi_
0:36 Loom
12:43 Feudal Age
13:13 Double-Bit Axe
13:20 Gold Mining
15:32 Wheelbarrow
14:43 Town Watch
14:22 Man-at-Arms
15:55 Forging
15:45 Scale Mail Armor
15:59 Arson
17:29 Domestication
22:14 Castle Age
22:18 Long Swordsman
22:44 Gambesons
22:59 Squires
23:16 Pikeman
24:52 Bow Saw
28:54 Hand Cart
30:24 Iron Casting
30:04 Chain Mail Armor
穆白岩溪
2:27 Loom
11:26 Feudal Age
13:17 Town Watch
16:59 Castle Age
14:50 Fishing Lines
15:38 Double-Bit Axe
15:36 Horse Collar
20:59 Gillnets
23:57 Bow Saw
24:53 Stone Mining
24:56 Gold Mining
26:18 Wheelbarrow
25:43 Town Patrol
26:47 Heavy Plow
27:25 Gold Shaft Mining
27:27 Stone Shaft Mining
27:52 Fervor
28:11 Caravan
28:53 Hand Cart
32:39 Imperial Age
33:21 Fletching
33:31 Padded Archer Armor
33:42 Forging
33:37 Scale Barding Armor
33:55 Ballistics
33:46 Masonry
33:39 Nomads
33:11 Elite Mangudai
34:35 Bloodlines
34:26 Husbandry
33:46 Light Cavalry
35:41 Conscription
36:17 Hussar
37:56 Drill
40:15 Chemistry
39:21 Siege Engineers
39:27 Careening
39:17 Murder Holes
39:55 Coinage
39:23 Bodkin Arrow
39:44 Leather Archer Armor
39:49 Chain Barding Armor
40:06 Iron Casting
43:44 Banking
43:27 Fortified Wall
43:20 Bracer
44:21 Blast Furnace
44:15 Capped Ram
46:12 Thumb Ring
46:33 Parthian Tactics
46:12 Scale Mail Armor
45:46 Siege Ram
Shredded_Pork
13:11 Feudal Age
13:57 Double-Bit Axe
13:56 Horse Collar
20:53 Castle Age
19:02 Stone Mining
22:09 Heavy Plow
23:11 Bow Saw
25:24 Gold Mining
26:53 Gold Shaft Mining
33:44 Imperial Age
31:45 Ballistics
32:42 Wheelbarrow
32:22 Padded Archer Armor
32:22 Scale Mail Armor
32:33 Forging
33:45 Hand Cart
35:45 Two-Man Saw
35:13 Leather Archer Armor
34:48 Fletching
35:33 Iron Casting
35:14 Chain Mail Armor
35:14 Artillery
35:39 Conscription
35:35 Squires
36:27 Scale Barding Armor
36:53 Ring Archer Armor
36:20 Bodkin Arrow
41:37 Blast Furnace
41:08 Plate Mail Armor
40:58 Chain Barding Armor
49:05 Spies/Treason
Mapuche Mayer
11:07 Feudal Age
11:36 Double-Bit Axe
11:50 Fishing Lines
13:52 Loom
17:04 Wheelbarrow
16:31 Gold Mining
16:31 Stone Mining
16:30 Horse Collar
23:23 Castle Age
23:19 Town Watch
24:58 Bow Saw
25:21 Heavy Plow
26:03 Stone Shaft Mining
26:48 Gillnets
28:29 Fortified Wall
32:08 Imperial Age
29:55 Hand Cart
30:56 Town Patrol
31:10 Forging
31:01 Scale Mail Armor
30:24 Pikeman
31:05 Squires
30:50 Arson
31:54 Caravan
32:28 Ironclad
32:55 Iron Casting
32:58 Chain Mail Armor
34:10 Chemistry
33:16 Siege Engineers
32:38 Halberdier
34:31 Two-Man Saw
34:20 Ballistics
35:02 Blast Furnace
33:52 Fletching
34:34 Conscription
33:40 Capped Ram
35:26 Bombard Tower
35:52 Masonry
35:44 Padded Archer Armor
38:05 Elite Teutonic Knight
39:20 Hoardings
38:43 Bodkin Arrow
39:18 Plate Mail Armor
38:37 Arrowslits
44:55 Onager
46:53 Crenellations
46:03 Sappers
49:14 Siege Onager
Connection lost

Rejoining the realm…

Still unreachable

The connection could not be restored.

Session expired

The server has moved on; the page needs a fresh start.